 Dungeon Crawl Stone Soup version 0.27-a0-1116-g91b3acb402 (webtiles) character file.

Game seed: 7983092400041592712

12132 dickylongcocking the Fighter (level 11, 0/88 HPs)
             Began as a Djinni Ice Elementalist on May 1, 2021.
             Was an Elder of Makhleb.
             Killed by refrigeration
             ... invoked by Fannar
              (39 damage)
             ... on level 10 of the Dungeon.
             The game lasted 00:17:30 (12368 turns).

dickylongcocking the Fighter (DjIE)                Turns: 12368, Time: 00:17:31

Health: 0/88       AC:  4    Str:  7    XL:     11   Next: 88%
Gold:   347        EV: 14    Int: 26    God:    Makhleb [****..] SH:  5 Dex: 14

rFire    + + .     SeeInvis .   J - staff of air
rCold    x . .     Faith    .   (no shield)
rNeg     . . .     Spirit   .   I - +0 troll leather armour
rPois    ∞         Reflect  +   (no helmet)
rElec    +         Harm     .   Q - scarf {shadows}
rCorr    .         Rampage  .   (no gloves)
Will     ++...                  (boots unavailable)
Stlth    ++........             h - amulet of reflection
HPRegen  1.24/turn              i - +6 ring of intelligence
MPRegen  0.00/turn              n - ring of willpower

@: flying
A: fire resistance 2, cold vulnerability 1, float, innate caster, hp casting,
extra vitality 1
a: Renounce Religion, Minor Destruction, Lesser Servant of Makhleb, Major
Destruction


You were on level 10 of the Dungeon.
You worshipped Makhleb.
Makhleb was greatly pleased with you.
You visited 2 branches of the dungeon, and saw 11 of its levels.
You also visited: Bailey.

You collected 512 gold pieces.
You spent 165 gold pieces at shops.

Inventory:

Hand Weapons
 b - a +0 dagger
 k - a +2 dagger of speed
 o - a +3 war axe
 s - a +1 dagger of flaming
 w - a +0 short sword
 A - a +2 antimagic dagger
 C - a +4 long sword
 D - a +0 whip
Missiles
 u - a throwing net
 N - a curare-tipped dart
Armour
 a - a +0 robe
 t - a +0 cloak
 I - a +0 troll leather armour (worn)
 Q - a scarf of shadows (worn)
Magical Staves
 J - a staff of air (weapon)
Jewellery
 h - an amulet of reflection (around neck)
 i - a +6 ring of intelligence (left hand)
 n - a ring of willpower (right hand)
 x - a ring of resist corrosion
Wands
 l - a wand of charming (14)
 G - a wand of polymorph (11)
 M - a wand of paralysis (11)
Scrolls
 d - 3 scrolls of magic mapping
 e - 5 scrolls of teleportation
 j - 3 scrolls of immolation
 m - a scroll of enchant armour
 y - a scroll of enchant weapon
 z - 3 scrolls of vulnerability {unknown}
 B - a scroll of fog
 E - a scroll of fear
 F - a scroll of brand weapon
 K - a scroll of blinking {unknown}
 O - a scroll of noise {unknown}
 R - a scroll of torment {unknown}
Potions
 c - a potion of haste
 f - 2 potions of degeneration {unknown}
 g - 3 potions of brilliance {unknown}
 p - 3 potions of might {unknown}
 q - 4 potions of attraction {unknown}
 r - 4 potions of curing
 v - a potion of magic
 L - a potion of lignification {unknown}
 P - a potion of invisibility {unknown}


   Skills:
 * Level 11.6 Fighting
 + Level 5.2 Armour
 * Level 7.2 Dodging
 - Level 1.5 Stealth
 * Level 10.6 Spellcasting


You couldn't memorise any spells.
You knew the following spells:

 Your Spells              Type           Power      Damage    Failure   Level
a - Freeze                Ice            100%       1d11      1%          1
b - Foxfire               Conj/Fire      100%       2x1d9     1%          1
c - Ozocubu's Armour      Ice            62%        N/A       1%          3
d - Hailstorm             Conj/Ice       62%        3d13      1%          4
e - Metabolic Englaciati  Hex/Ice        31%        N/A       2%          5
f - Frozen Ramparts       Ice            100%       1d12      1%          3
g - Poisonous Vapours     Pois/Air       100%       N/A       1%          2
h - Spider Form           Tmut/Pois      31%        N/A       1%          3
i - Summon Lightning Spi  Summ/Air       80%        N/A       1%          4
j - Agony                 Necr           62%        N/A       2%          5
Your spell library was empty.

Dungeon Overview and Level Annotations

Branches:
Dungeon (10/15)            Temple (1/1) D:4          Bailey (visited)
   Lair: D:8-11         Orc: D:9-12

Altars:
Cheibriados
Dithmenos
Elyvilon
Fedhas
Gozag
Hepliaklqana
Kikubaaqudgha
Makhleb
Nemelex Xobeh
Okawaru
Ru
Sif Muna
Trog
Uskayaw
Vehumet
Xom
Yredelemnul

Shops:
D:7 !   D:9 (=([*

Annotations:
D:5 1 runed translucent door, harryhousin's ghost, novice GnWn
D:10 Fannar


Innate Abilities, Weirdness & Mutations

You are immune to poison.
Your flesh is very heat resistant. (rF++)
You are vulnerable to cold. (rC-)
You float through the air rather than walking.
You learn spells naturally, not from books.
Your magical power is your life essence.
You have superior vitality. (+4 HP)


Message History

There is an open door here.
Fannar the Cold-Hearted comes into view.
They are wielding a +0 quarterstaff of freezing and wearing a +1 robe of cold resistance.
Found an escape hatch in the floor.
Fannar is nearby!
Fannar is nearby!
Fannar is nearby!
Okay, then.
Casting: Hailstorm (mildly dangerous; 1% risk of failure)
Confirm with . or Enter, or press ? or * to list all spells.
Okay, then.
Casting: Hailstorm (mildly dangerous; 1% risk of failure)
Confirm with . or Enter, or press ? or * to list all spells.
Aiming: Poisonous Vapours (safe; 1% risk of failure)
Press: ? - help, Dir - move target, f - Fannar
Aim: Fannar, wielding a +0 quarterstaff of freezing, wearing a +1 robe of cold resistance and wearing a ring of ice (asleep)
You feel a surge of power!
Poisonous vapours surround Fannar!
Fannar is engulfed in poison gas.
Fannar is poisoned.
Unknown command.
Unknown command.
Casting: Poisonous Vapours (safe; 1% risk of failure)
Confirm with . or Enter, or press ? or * to list all spells.
Aiming: Poisonous Vapours (safe; 1% risk of failure)
Press: ? - help, Dir - move target, f/p - Fannar
Aim: Fannar, wielding a +0 quarterstaff of freezing, wearing a +1 robe of cold resistance and wearing a ring of ice (lightly wounded, poisoned)
You feel a surge of power!
Poisonous vapours surround Fannar!
Fannar is engulfed in poison gas.
Fannar looks even sicker.
Fannar gestures at you while chanting. The bolt of cold hits you!!!
You feel a terrible chill!
Ouch! That really hurt!
Press: ? - help, v - describe, . - travel The floor.
Okay, then.
Okay, then.
Okay, then.
As you read the scroll of fog, it crumbles to dust.
The scroll dissolves into smoke.
Fannar casts a spell.
Fannar drains the heat from the surrounding environment!
You feel a terrible chill!
You die...

...........#####.....
....)......# #.....
...........# #.....
...........# ####'#
######.##### ##...#
#....# #..###
###§##### ##.####
#..§§§§.# #......
#..§@§..+ #.#####
#.§§§§..# #######
#....§..# #..)..##
#.......# #.))..#.
#.......# #).)..##
#e......# #))).) #
#.....>.# .))) ##
#8###. #.)...


You could see Fannar (very poisoned).

Vanquished Creatures
  A centaur warrior (D:8)
  3 two-headed ogres
  2 orc knights (Bailey)
  An unseen horror (D:10)
  A gargoyle (D:7)
  A blink frog (shapeshifter) (D:8)
  Prince Ribbit (D:9)
  3 yaks (D:10)
  A shadow (D:5)
  2 vampire mosquitoes (D:8)
  3 water moccasins
  A black bear (D:8)
  8 orc warriors
  A black bear (shapeshifter) (D:8)
  3 necrophages
  An ice beast (D:6)
  An ogre (D:5)
  4 centaurs
  9 kobold brigands
  3 bullfrogs
  A scorpion (D:5)
  A gnoll sergeant (D:7)
  2 killer bees (D:9)
  2 wights (D:8)
  8 orc priests
  2 jellies
  Crazy Yiuf (D:3)
  3 hounds
  12 orc wizards
  2 iguanas (D:6)
  A killer bee zombie (D:7)
  2 howler monkey zombies
  A howler monkey skeleton (D:7)
  5 adders
  8 gnolls
  An ufetubus (D:6)
  A worm (D:3)
  2 dart slugs (D:4)
  37 orcs
  3 bats
  5 endoplasms
  4 giant cockroaches
  5 hobgoblins
  11 jackals (D:1)
  18 kobolds
  2 quokkas (D:1)
  5 ball pythons
  3 frilled lizards
  5 goblins
  4 rats
207 creatures vanquished.

Vanquished Creatures (collateral kills)
  2 two-headed ogres
  A deep troll (D:8)
  An ugly thing (D:8)
  A kobold demonologist (D:10)
  A troll (D:8)
  2 wraiths
  6 yaks (D:10)
  Menkaure (D:7)
  A water moccasin (D:7)
  4 centaurs (D:10)
  9 kobold brigands (D:10)
  2 killer bees (D:9)
  5 wights
  2 centaur zombies
  A jelly (D:8)
  2 gnolls (Bailey)
  A howler monkey zombie (D:8)
  3 orcs (D:9)
  A goblin (Bailey)
  A hobgoblin (Bailey)
  11 kobolds
58 creatures vanquished.

Vanquished Creatures (others)
  217 foxfires
  A fungus (D:3)
  A plant (D:5)
219 creatures vanquished.

Grand Total: 484 creatures vanquished

Notes
Turn   | Place    | Note
-------+----------+-------------------------------------------
     0 | D:1      | dickylongcocking the Djinni Ice Elementalist began the
                  | quest for the Orb.
     0 | D:1      | Reached XP level 1. HP: 15/15 MP: 0/0
   340 | D:1      | Reached XP level 2. HP: 14/22 MP: 0/0
   360 | D:1      | Reached skill level 1 in Fighting
   976 | D:1      | Reached XP level 3. HP: 24/27 MP: 0/0
   976 | D:1      | Learned a level 1 spell: Foxfire
  1505 | D:1      | Found a faded altar of an unknown god.
  1986 | D:2      | Reached skill level 2 in Fighting
  1988 | D:2      | Reached XP level 4. HP: 16/34 MP: 0/0
  2429 | D:3      | Found a white marble altar of Elyvilon.
  2509 | D:3      | Reached XP level 5. HP: 36/40 MP: 0/0
  2509 | D:3      | Learned a level 2 spell: Poisonous Vapours
  2516 | D:3      | Reached skill level 3 in Fighting
  3218 | D:3      | Found a runed translucent door.
  3219 | D:3      | Noticed Crazy Yiuf
  3226 | D:3      | Killed Crazy Yiuf
  3462 | D:4      | Reached skill level 5 in Spellcasting
  3462 | D:4      | Reached XP level 6. HP: 27/47 MP: 0/0
  3486 | D:4      | Found a staircase to the Ecumenical Temple.
  3495 | Temple   | Entered the Ecumenical Temple
  3701 | Temple   | Became a worshipper of Makhleb the Destroyer
  3909 | D:4      | Reached skill level 4 in Fighting
  4054 | D:4      | Noticed a necrophage
  4063 | D:4      | Killed a necrophage
  4071 | D:4      | Found an opulent altar of Gozag.
  4071 | D:4      | Found a sparkling altar of Nemelex Xobeh.
  4546 | D:5      | Entered Level 5 of the Dungeon
  4548 | D:5      | Found a runed translucent door.
  4549 | D:5      | Noticed a water moccasin
  4555 | D:5      | Noticed harryhousin's ghost (novice GnWn)
  4559 | D:5      | Reached XP level 7. HP: 36/53 MP: 0/0
  4559 | D:5      | Learned a level 3 spell: Spider Form
  4563 | D:5      | Reached skill level 5 in Fighting
  4936 | D:5      | Reached skill level 6 in Fighting
  4936 | D:5      | Reached XP level 8. HP: 21/61 MP: 0/0
  5203 | D:5      | Noticed a shadow
  5216 | D:5      | Killed a shadow
  5501 | D:5      | You are sucked into a shaft and drop 3 floors!
  5506 | D:8      | Found a blossoming altar of Fedhas.
  5976 | D:7      | Reached * piety under Makhleb
  5977 | D:7      | Reached skill level 7 in Fighting
  6457 | D:7      | Reached XP level 9. HP: 12/69 MP: 0/0
  6457 | D:7      | Learned a level 4 spell: Summon Lightning Spire
  6843 | D:7      | Noticed a gargoyle
  6848 | D:7      | Killed a gargoyle
  6849 | D:7      | Reached skill level 8 in Fighting
  7060 | D:7      | Noticed Menkaure
  7074 | D:7      | Killed Menkaure
  7327 | D:7      | Found Rozypeg's Distillery.
  7339 | D:7      | Bought 2 potions of curing for 90 gold pieces
  7339 | D:7      | Bought a potion of heal wounds for 75 gold pieces
  7749 | D:8      | Noticed a two-headed ogre
  7757 | D:8      | Killed a two-headed ogre
  7758 | D:8      | Reached skill level 9 in Fighting
  7855 | D:8      | Noticed a two-headed ogre
  7859 | D:8      | Killed a two-headed ogre
  8097 | D:8      | Found a hide-covered altar of Uskayaw.
  8269 | D:6      | Reached XP level 10. HP: 70/78 MP: 0/0
  8683 | D:6      | Reached skill level 10 in Fighting
  9413 | D:8      | Reached ** piety under Makhleb
  9499 | D:8      | Reached skill level 1 in Armour
  9535 | D:8      | Noticed a deep troll
  9541 | D:8      | Killed a deep troll
  9607 | D:8      | Noticed a harpy
  9607 | D:8      | a black bear changed into a harpy
  9622 | D:8      | Noticed a guardian serpent
  9622 | D:8      | a harpy changed into a guardian serpent
  9765 | D:8      | Noticed a centaur warrior
  9773 | D:8      | Killed a centaur warrior
  9807 | D:8      | Noticed a white ugly thing
  9815 | D:8      | Killed a white ugly thing
 10019 | D:9      | Found Zeixt's Antique Weapon Shop.
 10030 | D:9      | Found Tanest's Jewellery Shoppe.
 10080 | D:9      | Found a flagged portal.
 10087 | Bailey   | Entered a bailey
 10123 | Bailey   | Identified the +0 leather armour "Pihoteaj" {rC+ rCorr
                  | Dex+2 SInv}
 10123 | Bailey   | Noticed an orc knight
 10221 | Bailey   | Reached XP level 11. HP: 86/86 MP: 0/0
 10221 | Bailey   | Learned a level 5 spell: Agony
 10229 | Bailey   | Noticed an orc knight
 10260 | Bailey   | Reached *** piety under Makhleb
 10273 | Bailey   | Killed an orc knight
 10274 | Bailey   | Reached skill level 5 in Dodging
 10274 | Bailey   | Reached skill level 10 in Spellcasting
 10274 | Bailey   | Killed an orc knight
 10530 | D:9      | Noticed Prince Ribbit
 10531 | D:9      | Found Ubbiowor's Assorted Antiques.
 10537 | D:9      | Killed Prince Ribbit
 10550 | D:9      | Found Hamiamawk's Armour Emporium.
 10714 | D:9      | Found Qeeh's Weapon Shop.
 10761 | D:9      | Noticed a two-headed ogre
 10766 | D:9      | Killed a two-headed ogre
 10767 | D:9      | Reached skill level 11 in Fighting
 10807 | D:9      | Noticed a two-headed ogre
 10823 | D:9      | Killed a two-headed ogre
 11114 | D:10     | Entered Level 10 of the Dungeon
 11380 | D:10     | Reached **** piety under Makhleb
 11417 | D:10     | Reached skill level 5 in Armour
 11767 | D:10     | Noticed a two-headed ogre
 11778 | D:10     | Killed a two-headed ogre
 12365 | D:10     | Noticed Fannar
 12368 | D:10     | Killed from afar by Fannar

Illustrated notes

Levels and vault maps discovered:
D:1:      nagdon_arrival_double_spiral, layout_loops_corners,
          hellmonk_ecumenical_altar_inner_sanctum, minmay_domino_4
D:2:      layout_basic, basic_altar
D:3:      layout_basic, overflow_temple_1_default, minmay_misc_feat_hallway,
          roderic_lattice_a, serial_park_tiny_2, uniq_crazy_yiuf_cottage
D:4:      layout_cave_pods, grunt_temple_overflow_opulence,
          minmay_temple_entry_statues_pillars
D:5:      layout_cave_pools, enter_ossuary_2, ebering_ghost_sewer_d,
          portal_sewer_entry_b, sigmund_edmund_badplayer
D:6:      layout_gridville
D:7:      layout_basic, serial_shops, shop, uniq_menkaure, uniq_harold
D:8:      layout_cave_pods, old_standard_altar, nicolae_uskayaw_suspiria,
          minmay_evil_grid
D:9:      layout_long_grid, enter_bailey_2, serial_shops, shop, shop,
          nicolae_shop_temple_entry_statues_fountains, kennysheep_mini_moat,
          shop_statue, minmay_misc_feat_tiny, grunt_decor_arrowhead,
          uniq_prince_ribbit1
D:10:     layout_roguey, gammafunk_temple_overflow_wave, special_room
          [special_room_kobold], centaur_isle, uniq_fannar
Temple:   eino_wide_crystal_templ

Skill      XL: |  1  2  3  4  5  6  7  8  9 10 11 |
---------------+----------------------------------+-----
Fighting       | 1 2 3 4 6 7 9 10 11 | 11.6
Spellcasting   | 4 5 6 7 9 10 | 10.6
Armour         | 3 5 |  5.2
Dodging        | 4 7 |  7.2
Stealth        | |  1.5

Action                   |  1- 3 |  4- 6 |  7- 9 | 10-12 || total
-------------------------+-------+-------+-------+-------++-------
Melee: Dagger            |    23 |    36 |    43 |    39 ||   141
       War axe           |       |    10 |       |       ||    10
       Staff             |       |       |       |    51 ||    51
 Cast: Freeze            |    29 |     3 |     3 |       ||    35
       Foxfire           |    17 |    48 |    43 |    24 ||   132
       Frozen Ramparts   |     3 |     3 |    10 |    16 ||    32
       Hailstorm         |       |     2 |    17 |    49 ||    68
       Poisonous Vapours |       |     2 |     6 |    25 ||    33
       Ozocubu's Armour  |       |       |     3 |     5 ||     8
       Summon Lightning  |       |       |     5 |    28 ||    33
Evoke: Wand              |       |       |     4 |     2 ||     6
  Use: Scroll            |       |       |       |    10 ||    10
       Potion            |       |       |       |     3 ||     3
 Stab: Sleeping          |     3 |     1 |       |       ||     4
       Distracted        |       |       |       |     2 ||     2
Armor: Robe              |     9 |    11 |     5 |     5 ||    30
       Troll leather arm |       |       |       |    39 ||    39
Dodge: Dodged            |    35 |    35 |    32 |   126 ||   228
Block: Other             |     3 |    22 |    17 |    50 ||    92
       Reflection        |       |       |       |     9 ||     9

Table legend: (Time is in decaauts)
 A = Elapsed time spent in this place.
 B = Non-inter-level travel time spent in this place.
 C = Inter-level travel time spent in this place.
 D = Time resting spent in this place.
 E = Time spent auto-exploring this place.
 F = Levels seen in this place.
 G = Mean time per level.
                   A        B        C        D        E       F      G
               +--------+--------+--------+--------+--------+-----+--------+
         Total |  12383 |  11958 |    425 |   1375 |   8698 |  12 | 1031.9 |
       Dungeon |  11763 |  11354 |    409 |   1375 |   8350 |  10 | 1176.3 |
        Temple |    223 |    207 |     16 |      0 |    196 |   1 |  223.0 |
        Bailey |    396 |    396 |      0 |      0 |    152 |   1 |  396.0 |
               +--------+--------+--------+--------+--------+-----+--------+

Top non-repeatable levels by time:
     D:7: 1749 daAuts
     D:8: 1743 daAuts
     D:1: 1665 daAuts
    D:10: 1256 daAuts
     D:4: 961 daAuts
     D:5: 954 daAuts
     D:3: 943 daAuts
     D:6: 910 daAuts
     D:9: 827 daAuts
     D:2: 751 daAuts
  Bailey: 396 daAuts
  Temple: 223 daAuts
